 Dungeon Crawl Stone Soup version 0.29-a0-892-g2c4c91d9db (webtiles) character file.

Game seed: 13988924194522097376

2020 Spectrina the Frost Mage (level 9, -10/57 HPs)
             Began as a Human Ice Elementalist on July 23, 2022.
             Was a Believer of Vehumet.
             Hit by a javelin thrown by a centaur (14 damage)
             ... in a bailey.
             The game lasted 00:30:20 (2321 turns).

Spectrina the Frost Mage (Human Ice Elementalist)   Turns: 2321, Time: 00:30:20

Health: -10/57     AC:  3    Str:  9    XL:     9   Next: 46%
Magic:  17/17      EV: 12    Int: 19    God:    Vehumet [**....]
Gold:   202        SH:  0    Dex: 14    Spells: 8/19 levels left

rFire   . . .      SeeInvis .   a - staff of cold
rCold   + . .      Faith    .   (no shield)
rNeg    . . .      Spirit   .   q - +0 robe
rPois   .          Reflect  .   (no helmet)
rElec   .          Harm     .   (no cloak)
rCorr   .          Rampage  .   h - +0 pair of gloves
Will    .....                   (no boots)
Stlth   +++.......              (no amulet)
HPRegen 0.19/turn               (no ring)
MPRegen 0.15/turn               (no ring)

@: mighty, brilliant
A: no striking features
a: Renounce Religion


You were in a bailey.
You worshipped Vehumet.
Vehumet was pleased with you.
You visited 1 branch of the dungeon, and saw 7 of its levels.
You also visited: Bailey.

You collected 202 gold pieces.

Inventory:

Hand Weapons
 b - a +1 vorpal sling
 e - a +0 dagger of venom
 m - a +1 falchion of protection
 w - a +1 spectral dagger
Missiles
 D - a curare-tipped dart
Armour
 h - a +0 pair of gloves (worn)
 q - a +0 robe (worn)
 v - a +0 kite shield
Magical Staves
 a - a staff of cold (weapon)
 A - a staff of earth
Wands
 o - a wand of polymorph (12)
 u - a wand of flame (45)
 C - a wand of charming (5)
Scrolls
 c - a scroll of poison
 f - 2 scrolls of teleportation
 j - a scroll of fear
 k - a scroll of noise
 B - 4 scrolls of amnesia
Potions
 d - 2 potions of ambrosia
 g - a potion of magic
 i - a potion of brilliance
 l - 2 potions of might
 r - a potion of haste {unknown}
 t - a potion of lignification {unknown}
 x - a potion of attraction {unknown}
 z - a potion of curing {unknown}


   Skills:
 - Level 2.0 Dodging
 + Level 6.6 Stealth
 + Level 5.6 Spellcasting
 + Level 2.3 Conjurations
 * Level 9.1 Ice Magic


You had 8 spell levels left.
You knew the following spells:

 Your Spells              Type           Power      Damage    Failure   Level
a - Freeze                Ice            100%       1d11      1%          1
f - Frozen Ramparts       Ice            100%       1d12      1%          3
p - Ozocubu's Armour      Ice            74%        N/A       1%          3
r - Hailstorm             Conj/Ice       57%        3d12      11%         4

Your spell library contained the following spells:

 Spells                   Type           Power      Damage    Failure   Level
 Foxfire                  Conj/Fire      56%        2x1d6     7%          1
 Magic Dart               Conj           84%        1d7       4%          1
 Shock                    Conj/Air       56%        1d6       7%          1
 Swiftness                Air            7%         N/A       34%         3
 Metabolic Englaciation   Hex/Ice        25%        N/A       45%         5
 Airstrike                Air            3%         0-2+      75%         4
 Ozocubu's Refrigeration  Ice            37%        4d12      93%         7
 Simulacrum               Ice/Necr       25%        N/A       95%         6


Dungeon Overview and Level Annotations

Branches:
Dungeon (7/15)             Temple (0/1) D:7          Bailey (1/1)

Altars:
Vehumet

Shops:
D:2 [

Annotations:
D:5 Grinder
D:6 Dowan, Duvessa


Message History

* * * LOW HITPOINT WARNING * * *
It was a potion of brilliance.
You feel clever all of a sudden.
Unknown command.
Unknown command.
The centaur throws a javelin.
The javelin pierces through you!
* * * LOW HITPOINT WARNING * * *
Unknown command.
You are confused.
You feel invigorated.
The centaur throws a javelin.
The javelin barely misses you.
The centaur throws a javelin.
The javelin pierces through you!
* * * LOW HITPOINT WARNING * * *
Unknown command.
You feel less invigorated.
You feel less confused.
The centaur throws a javelin.
The javelin pierces through you!
* * * LOW HITPOINT WARNING * * *
An orc comes into view. It is wielding a +0 halberd.
The orc hits you but does no damage.
Unknown command.
Casting: Frozen Ramparts (safe; 1% risk of failure)
Confirm with . or Enter, or press ? or * to list all spells.
Casting: Hailstorm (dangerous; 11% risk of failure)
Press: ? - help, Dir - look around, f - activate You feel a strong surge of power!
A cannonade of hail descends around you!
The hail pelts the orc!!
You kill the orc!
Vehumet accepts your kill.
You feel your power returning.
The hail pelts the orc!!
You kill the orc!
Vehumet accepts your kill.
You feel your power returning.
The hail pelts the orc!
You kill the orc!
Vehumet accepts your kill.
The hail pelts the centaur!
The centaur is heavily wounded.
The centaur throws a javelin.
The javelin pierces through you!
You die...

#≈......o.....####
#≈...≈≈≈≈≈≈≈≈≈....#
##≈..≈≈.......≈≈≈.⌠.
##≈≈....≈≈≈≈≈≈≈..≈≈..
##≈≈..o≈≈≈.....≈≈≈.≈≈.
#≈≈⌠.c≈≈..≈≈≈≈≈..≈≈.≈o
#≈≈$.≈≈)≈≈≈...≈≈≈.≈o≈≈
#≈...≈.≈≈..⌠.⌠..≈.≈≈.≈
#≈...≈..@..∩∩∩..≈....≈
#≈$..≈.≈≈..⌠.⌠..≈.≈≈.≈
#≈≈$.≈≈)≈≈≈...≈≈≈.≈.≈≈
#≈≈⌠.)≈≈..≈≈≈≈≈..≈≈.≈o
##≈≈...≈≈≈.....≈≈≈.≈≈.
##≈≈....≈≈≈≈≈≈≈..≈≈..
##≈..≈≈.......≈≈≈o⌠.
#≈..o≈≈≈≈≈≈≈≈≈o...#


You could see a centaur and 2 orcs.

Vanquished Creatures
  Prince Ribbit (D:5)
  A water moccasin (D:4)
  An orc warrior (D:4)
  2 sky beasts (D:7)
  An ogre (D:6)
  A centaur (D:7)
  A phantom (D:5)
  A kobold brigand (D:7)
  A necrophage (D:7)
  6 scorpions
  4 wights (D:7)
  An orc priest (D:4)
  5 hounds
  2 jellies (D:5)
  3 iguanas
  Ijyb (D:5)
  An orc wizard (D:4)
  6 adders
  A shadow imp (D:7)
  A white imp (D:6)
  An ufetubus (D:7)
  A worm (D:2)
  3 dart slugs (D:4)
  8 orcs
  6 endoplasms
  4 giant cockroaches
  6 hobgoblins
  2 quokkas
  7 ball pythons
  2 bats
  2 frilled lizards (D:2)
  4 goblins
  8 kobolds
  6 rats
101 creatures vanquished.

Notes
Turn   | Place    | Note
-------+----------+-------------------------------------------
     0 | D:1      | Spectrina the Human Ice Elementalist began the quest for
                  | the Orb.
     0 | D:1      | Reached XP level 1. HP: 13/13 MP: 3/3
    16 | D:2      | Found Mahu's Antique Armour Shop.
    85 | D:4      | Noticed an orc priest
    85 | D:4      | Noticed an orc warrior
   108 | D:3      | Reached XP level 2. HP: 18/19 MP: 0/5
   190 | D:2      | Reached skill level 5 in Ice Magic
   190 | D:2      | Reached XP level 3. HP: 15/24 MP: 2/6
   329 | D:2      | Learned a level 3 spell: Frozen Ramparts
   579 | D:4      | Reached XP level 4. HP: 30/30 MP: 3/7
   685 | D:3      | Found a radiant altar of Vehumet.
   691 | D:3      | Became a worshipper of Vehumet
   875 | D:4      | Reached XP level 5. HP: 35/35 MP: 4/8
   915 | D:4      | Noticed a water moccasin
   933 | D:4      | Reached XP level 6. HP: 41/41 MP: 4/10
   938 | D:4      | Reached skill level 6 in Ice Magic
   944 | D:4      | Learned a level 4 spell: Hailstorm
   948 | D:4      | Learned a level 3 spell: Ozocubu's Armour
   989 | D:5      | Entered Level 5 of the Dungeon
   994 | D:5      | Noticed Grinder
  1018 | D:4      | Killed a water moccasin
  1087 | D:5      | Reached XP level 7. HP: 46/46 MP: 8/12
  1220 | D:6      | Noticed Duvessa
  1220 | D:6      | Noticed Dowan
  1261 | D:4      | Reached * piety under Vehumet
  1261 | D:4      | Offered knowledge of Magic Dart by Vehumet.
  1299 | D:4      | Learned a level 1 spell: Magic Dart
  1482 | D:5      | Noticed Prince Ribbit
  1527 | D:5      | Reached skill level 5 in Stealth
  1527 | D:5      | Reached skill level 7 in Ice Magic
  1527 | D:5      | Reached XP level 8. HP: 51/52 MP: 2/14
  1654 | D:5      | Noticed Ijyb
  1659 | D:5      | Killed Ijyb
  1673 | D:5      | Killed Prince Ribbit
  1798 | D:5      | Reached skill level 8 in Ice Magic
  1936 | D:6      | Reached skill level 5 in Spellcasting
  1982 | D:7      | Reached XP level 9. HP: 36/57 MP: 5/16
  1999 | D:7      | Reached skill level 1 in Conjurations
  2022 | D:7      | Reached ** piety under Vehumet
  2022 | D:7      | Offered knowledge of Foxfire by Vehumet.
  2033 | D:7      | Found a staircase to the Ecumenical Temple.
  2190 | D:7      | Reached skill level 9 in Ice Magic
  2208 | D:7      | HP: 2/57 [wight/+1 falchion of protection (6)]
  2230 | D:7      | Found a flagged portal.
  2298 | Bailey   | Entered a bailey
  2321 | Bailey   | Hit by a javelin thrown by a centaur

Illustrated notes

Levels and vault maps discovered:
D:1:      evilmike_arrival_hilbert_curve, layout_basic,
          shapermc_ecumenical_altar_mp_urbaneastern
D:2:      layout_basic, serial_shops, shop, chequers_serial_rivers_small_a,
          uniq_crazy_yiuf_cottage, uniq_natasha, uniq_sigmund
D:3:      layout_basic, vehumet_crystals, grunt_ministairs_7,
          nicolae_concentric_dashed_squares_mild
D:4:      layout_rooms
D:5:      layout_basic, uniq_grinder, uniq_ijyb, uniq_prince_ribbit1
D:6:      layout_basic, st_stairs_14, minmay_joined_circles, uniq_duvessa,
          uniq_pikel
D:7:      layout_rooms, minmay_temple_entry_trees, enter_bailey_8
Bailey:   bailey_polearm_flooded_kennysheep, bailey

Skill      XL: |  1  2  3  4  5  6  7  8  9 |
---------------+----------------------------+-----
Ice Magic      | 5 6 7 8 9 |  9.1
Stealth        | 3 4 5 6 |  6.6
Spellcasting   | 3 4 5 |  5.6
Conjurations   | 2 |  2.3
Dodging        | |  2.0

Action                   |  1- 3 |  4- 6 |  7- 9 || total
-------------------------+-------+-------+-------++-------
Melee: Unarmed           |    28 |       |       ||    28
       Punch             |     1 |       |       ||     1
       Dagger            |       |       |    30 ||    30
 Fire: Sling             |    29 |    40 |    64 ||   133
 Cast: Freeze            |    17 |    17 |    38 ||    72
       Frozen Ramparts   |     1 |     3 |    15 ||    19
       Ozocubu's Armour  |       |     1 |     9 ||    10
       Hailstorm         |       |       |     6 ||     6
  Use: Scroll            |       |       |    11 ||    11
       Potion            |       |       |     3 ||     3
 Stab: Sleeping          |     1 |       |     1 ||     2
Armor: Robe              |     6 |     1 |    35 ||    42
Dodge: Dodged            |    23 |     9 |    67 ||    99

Table legend: (Time is in decaauts)
 A = Elapsed time spent in this place.
 B = Non-inter-level travel time spent in this place.
 C = Inter-level travel time spent in this place.
 D = Time resting spent in this place.
 E = Time spent auto-exploring this place.
 F = Levels seen in this place.
 G = Mean time per level.
                   A        B        C        D        E       F      G
               +--------+--------+--------+--------+--------+-----+--------+
         Total |   2347 |   2239 |    108 |      0 |      0 |   8 |  293.4 |
       Dungeon |   2324 |   2216 |    108 |      0 |      0 |   7 |  332.0 |
        Bailey |     22 |     22 |      0 |      0 |      0 |   1 |   22.0 |
               +--------+--------+--------+--------+--------+-----+--------+

Top non-repeatable levels by time:
     D:5: 561 daAuts
     D:4: 420 daAuts
     D:3: 396 daAuts
     D:7: 348 daAuts
     D:2: 295 daAuts
     D:6: 157 daAuts
     D:1: 144 daAuts
  Bailey: 22 daAuts
